MWL (24 & UNDER)
LEE'S SUMMIT TIGERS @ BARRY'S BAY ORIOLES
06/05/2028
 
TOP OF THE 1ST
Lee's Summit Tigers batting - Pitching for Barry's Bay Orioles : RHP Manny Guerra
Pitching: RHP Manny Guerra
Batting: RHB Stan Taylor 0-0: Foul Ball, location: 2F
0-1: Ball
1-1: Foul Ball, location: 2F
1-2: Strikes out looking
Batting: RHB Ricardo Velásquez 0-0: Ball
1-0: Foul Ball, location: 2F
1-1: Ball
2-1: Foul Ball, location: 2F
2-2: Strikes out swinging
Batting: LHB Dudley Cooper 0-0: Called Strike
0-1: Fly out, F8 (Flyball, 8LM)
Top of the 1st over - 0 run(s), 0 hit(s), 0 error(s), 0 left on base; Lee's Summit 0 - Barry's Bay 0
BOTTOM OF THE 1ST
Barry's Bay Orioles batting - Pitching for Lee's Summit Tigers : RHP Javier Pacheco
Pitching: RHP Javier Pacheco
Batting: SHB Emílio Calvillo 0-0: Ball
1-0: SINGLE (Flyball, 8LS)
Batting: LHB Ryan Rheaume 0-0: Swinging Strike
0-1: Ball
1-1: Grounds into double play, 6-4-3 (Groundball, 6)
Batting: RHB Jason Ward 0-0: Called Strike
0-1: Swinging Strike
0-2: Ball
1-2: Ball
2-2: Strikes out looking
Bottom of the 1st over - 0 run(s), 1 hit(s), 0 error(s), 0 left on base; Lee's Summit 0 - Barry's Bay 0
TOP OF THE 2ND
Lee's Summit Tigers batting - Pitching for Barry's Bay Orioles : RHP Manny Guerra
Batting: LHB Al Miller 0-0: Called Strike
0-1: Called Strike
0-2: Ball
1-2: Foul Ball, location: 2F
1-2: Foul Ball, location: 2F
1-2: Ball
2-2: Strikes out swinging
Batting: LHB Glenn Williamson 0-0: Ball
1-0: Ball
2-0: Ball
3-0: Called Strike
3-1: Foul Ball, location: 2F
3-2: Ground out 4-3 (Groundball, 34D)
Batting: RHB Valentín Saldaña 0-0: Ball
1-0: Swinging Strike
1-1: Swinging Strike
1-2: Foul Ball, location: 2F
1-2: Foul Ball, location: 2F
1-2: Ground out 6-3 (Groundball, 6)
Top of the 2nd over - 0 run(s), 0 hit(s), 0 error(s), 0 left on base; Lee's Summit 0 - Barry's Bay 0
BOTTOM OF THE 2ND
Barry's Bay Orioles batting - Pitching for Lee's Summit Tigers : RHP Javier Pacheco
Batting: RHB Lorenzo Silva 0-0: Called Strike
0-1: Ball
1-1: Swinging Strike
1-2: Foul Ball, location: 2F
1-2: Foul Ball, location: 2F
1-2: Ball
2-2: SINGLE (Groundball, 6MD)
Batting: LHB T.J. Richardson 0-0: Called Strike
0-1: Foul Ball, location: 2F
0-2: Strikes out looking
Batting: RHB Troy González 0-0: Ball
1-0: Ball
2-0: Foul Ball, location: 2F
2-1: Called Strike
2-2: Fly out, F8 (Flyball, 78S)
Batting: SHB Garrett Waller 0-0: Ball
1-0: Foul Ball, location: 2F
1-1: Ball
2-1: Foul Ball, location: 2F
2-2: Foul Ball, location: 2F
2-2: Foul Ball, location: 2F
2-2: Fielders Choice at 2nd, 6-4 (Groundball, 6)
Bottom of the 2nd over - 0 run(s), 1 hit(s), 0 error(s), 0 left on base; Lee's Summit 0 - Barry's Bay 0
TOP OF THE 3RD
Lee's Summit Tigers batting - Pitching for Barry's Bay Orioles : RHP Manny Guerra
Batting: RHB Steve Johnson 0-0: Called Strike
0-1: Called Strike
0-2: Ball
1-2: Foul Ball, location: 2F
1-2: Foul Ball, location: 2F
1-2: Strikes out looking
Batting: LHB José Guerrero 0-0: Ball
1-0: Foul Ball, location: 2F
1-1: Ball
2-1: Foul Ball, location: 2F
2-2: Foul Ball, location: 2F
2-2: Strikes out swinging
Batting: RHB Travis Ezell 0-0: Called Strike
0-1: Foul Ball, location: 2F
0-2: SINGLE (Groundball, 56D)
Batting: RHB Stan Taylor 0-0: Fielders Choice at 2nd, 5-4 (Groundball, 56)
Top of the 3rd over - 0 run(s), 1 hit(s), 0 error(s), 0 left on base; Lee's Summit 0 - Barry's Bay 0
BOTTOM OF THE 3RD
Barry's Bay Orioles batting - Pitching for Lee's Summit Tigers : RHP Javier Pacheco
Batting: RHB Jake Erickson 0-0: Swinging Strike
0-1: Foul Ball, location: 2F
0-2: Strikes out swinging
Batting: RHB Bill Pike 0-0: Ground out 5-3 (Groundball, 5S)
Batting: SHB Emílio Calvillo 0-0: Ball
1-0: Ball
2-0: Called Strike
2-1: Foul Ball, location: 2F
2-2: Ball
3-2: Base on Balls
Batting: LHB Ryan Rheaume 0-0: Ball
Emílio Calvillo is caught stealing 2nd base
Bottom of the 3rd over - 0 run(s), 0 hit(s), 0 error(s), 0 left on base; Lee's Summit 0 - Barry's Bay 0
TOP OF THE 4TH
Lee's Summit Tigers batting - Pitching for Barry's Bay Orioles : RHP Manny Guerra
Batting: RHB Ricardo Velásquez 0-0: Called Strike
0-1: Ball
1-1: Called Strike
1-2: Ball
2-2: Ball
3-2: Foul Ball, location: 2F
3-2: Fly out, F8 (Flyball, 89M)
Batting: LHB Dudley Cooper 0-0: Ball
1-0: Ball
2-0: Foul Ball, location: 2F
2-1: Ball
3-1: Base on Balls
Batting: LHB Al Miller 0-0: Foul Ball, location: 2F
0-1: SINGLE (Line Drive, 6)
Dudley Cooper to second
Batting: LHB Glenn Williamson 0-0: Ball
1-0: Called Strike
1-1: Ball
2-1: Foul Ball, location: 2F
2-2: Ball
3-2: Strikes out swinging
Batting: RHB Valentín Saldaña 0-0: Ball
1-0: Ball
2-0: Called Strike
2-1: Called Strike
2-2: Foul Ball, location: 2F
2-2: SINGLE (Flyball, 89S)
Dudley Cooper to third
Al Miller to second
Throwing error, E9
Dudley Cooper scores
Al Miller to third
Valentín Saldaña to second
Batting: RHB Steve Johnson 0-0: Called Strike
0-1: Foul Ball, location: 2F
0-2: Fly out, F3 (Popup, 3S)
Top of the 4th over - 1 run(s), 2 hit(s), 1 error(s), 2 left on base; Lee's Summit 1 - Barry's Bay 0
BOTTOM OF THE 4TH
Barry's Bay Orioles batting - Pitching for Lee's Summit Tigers : RHP Javier Pacheco
Batting: LHB Ryan Rheaume 0-0: Called Strike
0-1: Ball
1-1: SINGLE (Line Drive, 89S)
Batting: RHB Jason Ward 0-0: SINGLE (Groundball, 56D)
Ryan Rheaume to second
Batting: RHB Lorenzo Silva 0-0: Ball
1-0: Ball
2-0: Swinging Strike
2-1: Fly out, F9 (Flyball, 89M)
Batting: LHB T.J. Richardson 0-0: Ball
1-0: Called Strike
1-1: Foul Ball, location: 2F
1-2: Ball
2-2: Foul Ball, location: 2F
2-2: Foul Ball, location: 2F
2-2: Ball
3-2: Foul Ball, location: 2F
3-2: Ground out 3-1 (Groundball, 34S)
Ryan Rheaume to third
Jason Ward to second
Batting: RHB Troy González 0-0: Ground out 6-3 (Groundball, 6)
Bottom of the 4th over - 0 run(s), 2 hit(s), 0 error(s), 2 left on base; Lee's Summit 1 - Barry's Bay 0
TOP OF THE 5TH
Lee's Summit Tigers batting - Pitching for Barry's Bay Orioles : RHP Manny Guerra
Batting: LHB José Guerrero 0-0: Fly out, F2 (Popup, 25)
Batting: RHB Travis Ezell 0-0: Called Strike
0-1: Swinging Strike
0-2: Foul Ball, location: 2F
0-2: Strikes out swinging
Batting: RHB Stan Taylor 0-0: Ball
1-0: Foul Ball, location: 2F
1-1: Ball
2-1: Called Strike
2-2: Fly out, F9 (Flyball, 89M)
Top of the 5th over - 0 run(s), 0 hit(s), 0 error(s), 0 left on base; Lee's Summit 1 - Barry's Bay 0
BOTTOM OF THE 5TH
Barry's Bay Orioles batting - Pitching for Lee's Summit Tigers : RHP Javier Pacheco
Batting: SHB Garrett Waller 0-0: Ball
1-0: DOUBLE (Flyball, 89D)
Batting: RHB Jake Erickson 0-0: Called Strike
0-1: Swinging Strike
0-2: Foul Ball, location: 2F
0-2: Foul Ball, location: 2F
0-2: Foul Ball, location: 2F
0-2: Strikes out looking
Batting: RHB Bill Pike 0-0: Foul Ball, location: 2F
0-1: Ball
1-1: Foul Ball, location: 2F
1-2: Strikes out swinging
Batting: SHB Emílio Calvillo 0-0: Called Strike
0-1: Ball
1-1: Called Strike
1-2: Ball
2-2: Ball
3-2: Base on Balls
Batting: LHB Ryan Rheaume 0-0: Ball
1-0: Called Strike
1-1: Swinging Strike
1-2: Foul Ball, location: 2F
1-2: Foul Ball, location: 2F
1-2: Strikes out swinging
Bottom of the 5th over - 0 run(s), 1 hit(s), 0 error(s), 2 left on base; Lee's Summit 1 - Barry's Bay 0
TOP OF THE 6TH
Lee's Summit Tigers batting - Pitching for Barry's Bay Orioles : RHP Manny Guerra
Pitching: RHP Billy Jacobs
Batting: RHB Ricardo Velásquez 0-0: Ball
1-0: Ball
2-0: Called Strike
2-1: SINGLE (Groundball, 4D)
Batting: LHB Dudley Cooper 0-0: Ball
1-0: DOUBLE (Line Drive, 9LS)
Ricardo Velásquez to third
Batting: LHB Al Miller 0-0: Ball
1-0: Called Strike
1-1: Called Strike
1-2: Ball
2-2: Ball
3-2: Foul Ball, location: 2F
3-2: Foul Ball, location: 2F
3-2: Fly out, F9 (Flyball, 89M)
Runner from 3rd tags up, OUT at HOME
Dudley Cooper to third
Batting: LHB Glenn Williamson 0-0: Ball
1-0: Ball
2-0: Called Strike
2-1: Foul Ball, location: 2F
2-2: Ground out U3 (Groundball, 3D)
Top of the 6th over - 0 run(s), 2 hit(s), 0 error(s), 1 left on base; Lee's Summit 1 - Barry's Bay 0
BOTTOM OF THE 6TH
Barry's Bay Orioles batting - Pitching for Lee's Summit Tigers : RHP Javier Pacheco
Pitching: RHP John Brock
Batting: RHB Jason Ward 0-0: Ball
1-0: Ball
2-0: Swinging Strike
2-1: Ball
3-1: SINGLE (Line Drive, 78S)
Batting: RHB Lorenzo Silva 0-0: Foul Ball, location: 2F
0-1: Ball
1-1: Foul Ball, location: 2F
1-2: Grounds into double play, 5-4-3 (Groundball, 56D)
Batting: LHB T.J. Richardson 0-0: Called Strike
0-1: Foul Ball, location: 2F
0-2: Ball
1-2: Strikes out swinging
Bottom of the 6th over - 0 run(s), 1 hit(s), 0 error(s), 0 left on base; Lee's Summit 1 - Barry's Bay 0
TOP OF THE 7TH
Lee's Summit Tigers batting - Pitching for Barry's Bay Orioles : RHP Billy Jacobs
Batting: RHB Valentín Saldaña 0-0: Called Strike
0-1: Ball
1-1: Called Strike
1-2: Strikes out swinging
Batting: RHB Steve Johnson 0-0: Called Strike
0-1: Ball
1-1: Ball
2-1: Ball
3-1: Base on Balls
Batting: LHB José Guerrero 0-0: Fielders Choice at 2nd, 4-6 (Groundball, 4)
Batting: RHB Travis Ezell 0-0: Called Strike
0-1: Called Strike
0-2: Ball
1-2: Strikes out swinging
Top of the 7th over - 0 run(s), 0 hit(s), 0 error(s), 1 left on base; Lee's Summit 1 - Barry's Bay 0
BOTTOM OF THE 7TH
Barry's Bay Orioles batting - Pitching for Lee's Summit Tigers : RHP John Brock
Batting: RHB Troy González 0-0: Swinging Strike
0-1: Swinging Strike
0-2: Ground out 4-3 (Groundball, 4M)
Batting: SHB Garrett Waller 0-0: Ball
1-0: SINGLE (Line Drive, 34D)
Batting: RHB Jake Erickson 0-0: Ball
1-0: Ball
2-0: Ball
3-0: Called Strike
3-1: Base on Balls
Garrett Waller to second
Batting: RHB Bill Pike 0-0: Ball
1-0: Ball
2-0: Foul Ball, location: 2F
2-1: Foul Ball, location: 2F
2-2: Strikes out swinging
Batting: SHB Emílio Calvillo 0-0: Called Strike
0-1: Called Strike
0-2: Ball
1-2: Ball
2-2: Foul Ball, location: 2F
2-2: DOUBLE (Line Drive, 78D)
Garrett Waller scores
Jake Erickson to third
Runner from 3rd tries for Home, SAFE, no throw
Batting: LHB Ryan Rheaume 0-0: Ball
1-0: SINGLE (Line Drive, 4MD)
Emílio Calvillo to third
Runner from 3rd tries for Home, SAFE, no throw
Pitching: RHP Orlando Zúñica
Batting: RHB Jason Ward 0-0: Called Strike
0-1: Foul Ball, location: 2F
0-2: Ball
Ryan Rheaume steals 2nd base
1-2: Fly out, F6 (Line Drive, 6)
Bottom of the 7th over - 3 run(s), 3 hit(s), 0 error(s), 1 left on base; Lee's Summit 1 - Barry's Bay 3
TOP OF THE 8TH
Lee's Summit Tigers batting - Pitching for Barry's Bay Orioles : RHP Billy Jacobs
Batting: RHB Stan Taylor 0-0: Ball
1-0: Swinging Strike
1-1: Foul Ball, location: 2F
1-2: Strikes out swinging
Batting: RHB Ricardo Velásquez 0-0: Called Strike
0-1: SINGLE (Line Drive, 5D)
Pitching: LHP Bernardo Valero
Batting: LHB Dudley Cooper 0-0: Ball
1-0: Called Strike
1-1: Ball
2-1: Ball
3-1: Base on Balls
Ricardo Velásquez to second
Batting: LHB Al Miller 0-0: Ball
1-0: Foul Ball, location: 2F
1-1: Ball
2-1: Fielders Choice at 2nd, 3-6 (Groundball, 34)
Ricardo Velásquez to third
Batting: LHB Glenn Williamson 0-0: Ball
1-0: Called Strike
1-1: Foul Ball, location: 2F
1-2: Strikes out swinging
Top of the 8th over - 0 run(s), 1 hit(s), 0 error(s), 2 left on base; Lee's Summit 1 - Barry's Bay 3
BOTTOM OF THE 8TH
Barry's Bay Orioles batting - Pitching for Lee's Summit Tigers : RHP Orlando Zúñica
Batting: RHB Lorenzo Silva 0-0: Ball
1-0: SINGLE (Line Drive, 6MD)
Batting: LHB T.J. Richardson 0-0: Called Strike
0-1: Ball
1-1: Foul Ball, location: 2F
1-2: Ball
2-2: 2-RUN HOME RUN (Flyball, 9LD), Distance : 310 ft
Batting: RHB Troy González 0-0: Hit by Pitch
Batting: SHB Garrett Waller 0-0: Bunted foul
0-1: Bunted foul
0-2: Ball
1-2: Strikes out swinging
Batting: RHB Jake Erickson 0-0: Ball
1-0: Called Strike
1-1: Called Strike
1-2: Strikes out swinging
Batting: RHB Bill Pike 0-0: Ball
1-0: Ball
2-0: Foul Ball, location: 2F
2-1: Fielders Choice at 2nd, 6-4 (Groundball, 6)
Bottom of the 8th over - 2 run(s), 2 hit(s), 0 error(s), 0 left on base; Lee's Summit 1 - Barry's Bay 5
TOP OF THE 9TH
Lee's Summit Tigers batting - Pitching for Barry's Bay Orioles : LHP Bernardo Valero
Batting: RHB Valentín Saldaña 0-0: Called Strike
0-1: Ball
1-1: Foul Ball, location: 2F
1-2: Foul Ball, location: 2F
1-2: Foul Ball, location: 2F
1-2: Strikes out looking
Batting: RHB Steve Johnson 0-0: Called Strike
0-1: Ball
1-1: SINGLE (Flyball, 8LS)
Batting: LHB José Guerrero 0-0: SINGLE (Groundball, 3D)
Steve Johnson to second
Runner from 2nd tries for 3rd, SAFE, throw made to third
Pitching: RHP Tim Osborne
Batting: RHB Travis Ezell 0-0: Called Strike
0-1: Ball
1-1: Swinging Strike
1-2: Ball
2-2: Ball
3-2: Strikes out swinging
Batting: RHB Stan Taylor 0-0: Ball
1-0: Ball
2-0: Ball
3-0: Called Strike
3-1: Base on Balls
José Guerrero to second
Batting: RHB Ricardo Velásquez 0-0: Called Strike
0-1: Ball
1-1: SINGLE (Groundball, 6D)
Steve Johnson scores
José Guerrero to third
Stan Taylor to second
Runner from 3rd tries for Home, SAFE, no throw
Batting: LHB Dudley Cooper 0-0: Called Strike
0-1: Ball
1-1: Called Strike
1-2: Ground out U3 (Groundball, 34)
Top of the 9th over - 2 run(s), 3 hit(s), 0 error(s), 2 left on base; Lee's Summit 3 - Barry's Bay 5
Tuesday, August 8th, 2017 - OOTP Baseball 17.12 Build 75